 Dungeon Crawl Stone Soup version 0.30-b1-2-g02819fbbbe (webtiles) character file.

Game seed: 16430348723324609528

14663 suse60 the Cleaver (level 11, -7/104 HPs)
             Began as a Minotaur Gladiator on Oct 21, 2023.
             Was a High Priest of the Shining One.
             Mangled by Donald
             ... wielding a +0 broad axe
              (21 damage)
             ... on level 2 of the Orcish Mines.
             The game lasted 01:02:10 (9449 turns).

suse60 the Cleaver (Minotaur Gladiator)             Turns: 9449, Time: 01:02:10

Health: -7/104     AC: 11    Str: 24    XL:     11   Next: 91%
Magic:  14/16      EV: 14    Int:  5    God:    the Shining One [*****.]
Gold:   733        SH: 10    Dex: 11    Spells: 10/10 levels left

rFire   . . .        a - +1 war axe (spect)
rCold   . . .        (no shield)
rNeg    + + .        z - +1 scale mail {Will+}
rPois   .            c - +0 hat
rElec   .            H - +0 cloak
rCorr   +            l - +0 pair of gloves
SInv    .            h - +0 pair of boots
Will    +....        b - amulet of regeneration Stlth
                     j - ring of resist corrosion
HPRegen 1.17/turn    (no ring)
MPRegen 0.15/turn

%: no passive effects
@: mighty, divinely shielded, glowing
A: horns 2, retaliatory headbutt
a: Renounce Religion, Divine Shield, Cleansing Flame, Summon Divine Warrior


You were on level 2 of the Orcish Mines.
You worshipped the Shining One.
The Shining One was extremely pleased with you.
You visited 3 branches of the dungeon, and saw 14 of its levels.
You also visited: Ossuary.

You collected 813 gold pieces.
You spent 80 gold pieces at shops.

Inventory:

Hand Weapons
 a - a +1 spectral war axe (weapon)
 k - a +1 scimitar of flaming
 A - a +1 sling of flaming
Missiles
 d - a throwing net
 e - 7 javelins (quivered)
 i - 48 poisoned darts
Armour
 c - a +0 hat (worn)
 h - a +0 pair of boots (worn)
 l - a +0 pair of gloves (worn)
 z - a +1 scale mail of willpower (worn)
 H - a +0 cloak (worn)
Jewellery
 b - an amulet of regeneration (around neck)
 j - a ring of resist corrosion (left hand)
 x - an amulet of reflection
Wands
 f - a wand of iceblast (13)
 G - a wand of digging (7)
Scrolls
 t - 3 scrolls of teleportation
 u - 2 scrolls of fear
 v - a scroll of immolation {unknown}
 w - 2 scrolls of magic mapping
 y - 3 scrolls of poison
 B - a scroll of vulnerability {unknown}
 E - a scroll of enchant armour {unknown}
 F - 2 scrolls of fog {unknown}
Potions
 g - 6 potions of flight
 m - 2 potions of curing
 o - 3 potions of mutation
 p - 2 potions of resistance
 q - a potion of brilliance
 s - a potion of cancellation
 C - a potion of berserk rage
 D - a potion of haste {unknown}


   Skills:
 + Level 12.1 Fighting
 + Level 12.5 Axes
 - Level 2.0 Throwing
 + Level 4.5 Armour
 - Level 10.7 Dodging
 + Level 9.0 Invocations


You had 10 spell levels left.
You didn't know any spells.
Your spell library contained the following spells:

 Spells                   Type           Power      Damage    Failure   Level
 Tukima's Dance           Hex            0%         N/A       98%         3
 Vhi's Electric Charge    Tloc/Air       0%         N/A       98%         3
 Passage of Golubria      Tloc           0%         N/A       100%        4
 Summon Lightning Spire   Summ/Air       0%         N/A       100%        4
 Arcjolt                  Conj/Air       0%         1d10      100%        5
 Yara's Violent Unravell  Hex/Tmut       0%         3d3       100%        5
 Plasma Beam              Fire/Air       0%         2x1d11    100%        6
 Storm Form               Tmut/Air       0%         N/A       100%        7
 Maxwell's Capacitive Co  Air            0%         ∞         100%        8


Dungeon Overview and Level Annotations

Branches:
Dungeon (11/15)            Temple (1/1) D:5             Orc (2/2) D:9
    Elf (0/3) Orc:2       Ossuary (visited)
   Lair: D:8-11

Altars:
Elyvilon
Fedhas
Nemelex Xobeh
Okawaru
Qazlal
Trog
Uskayaw
Wu Jian
Xom
The Shining One

Shops:
D:5 *   Orc:1 (

Annotations:
Orc:1 3 runed translucent doors, Garagafe's ghost, journeyman GrEE; Gyhakk's ghost, journeyman OpTm; Kisosi's ghost, journeyman DDFi
Orc:2 Donald


Innate Abilities, Weirdness & Mutations

You have a pair of horns on your head.
You reflexively headbutt those who attack you in melee.


Message History

Donald blocks your attack.
Donald is lightly wounded.
Your +1 spectral war axe completely misses Donald.
Donald hits you with a +0 broad axe!
Donald hits your +1 spectral war axe with a +0 broad axe!!
Your spectral weapon shares its damage with you!
Your +1 spectral war axe disappears.
Donald says, "Can you turn the glow down a bit?
I can't see you to hit you." Donald hits you but does no damage.
You slash Donald!
Donald is moderately wounded.
Donald blocks your +1 spectral war axe's attack.
You block Donald's attack.
Donald hits your +1 spectral war axe with a +0 broad axe!
Your spectral weapon shares its damage with you!
You slash Donald! Donald blocks your attack.
Donald is heavily wounded.
Your +1 spectral war axe hits Donald!
Donald hits you with a +0 broad axe!!
Donald hits your +1 spectral war axe with a +0 broad axe!!
Your spectral weapon shares its damage with you!
Your +1 spectral war axe disappears.
* * * LOW HITPOINT WARNING * * *
You feel much better. You block Donald's attack. Donald closely misses you.
You hit Donald but do no damage.
Donald is heavily wounded.
Your +1 spectral war axe hits Donald!
Donald hits you with a +0 broad axe!!
Donald misses your +1 spectral war axe.
Read: 3 scrolls of fear
Press: ? - help, Q - select action, (/) - cycle Dir - look around, f - activate Look: Donald, wielding a +0 broad axe, wearing a +0 plate armour and wearing a +2 kite shield (severely wounded, fast, strong, haloed, chance to affect: 47%)
As you read the scroll of fear, it crumbles to dust.
You assume a fearsome visage.
Donald easily resists.
Your +1 spectral war axe disappears.
Donald hits you with a +0 broad axe.
* * * LOW HITPOINT WARNING * * *
Donald hits you with a +0 broad axe!!
* * * LOW HITPOINT WARNING * * *
You feel better. Donald hits you with a +0 broad axe!!
You die...

#.... ......
##..$######....>.##
##........##.......###
..........##...#.....#
...............##....##
....####.....#.##.....#
..# ###[)..@# #.....# .
#.#.....####...##
#......[)#@.<...#
#.......#.#..<@......#
#.......###...).....##
####..#.# ##....#..##
#..### ##..##### #..
##... ## ####


You could see Donald (fast, strong).

Vanquished Creatures
  Fannar (D:10)
  2 two-headed ogres
  A boulder beetle (D:10)
  An orc knight (Orc:2)
  Pikel (D:8)
  An orc sorcerer (Orc:1)
  Joseph (D:9)
  Maggie (D:6)
  A kobold demonologist (D:10)
  3 trolls
  Prince Ribbit (D:5)
  A shadow (D:9)
  2 wyverns
  2 wraiths (D:10)
  14 yaks
  3 steam dragons
  Menkaure (D:5)
  An acid dragon (D:10)
  A sky beast (D:7)
  2 black bears
  8 orc warriors
  4 ogres
  2 centaurs (D:10)
  2 phantoms
  3 kobold brigands
  4 lemures (D:8)
  2 gnoll sergeants
  A bullfrog (D:5)
  4 scorpions
  5 killer bees
  8 howler monkeys
  10 orc priests
  2 hounds
  3 gnoll boudas
  Jessica (D:2)
  3 iguanas
  12 orc wizards
  5 mummies
  Robin (D:2)
  24 gnolls
  6 adders
  A shadow imp (D:6)
  2 ufetubi
  4 worms
  2 dart slugs
  63 orcs
  3 endoplasms
  4 giant cockroaches
  2 gnoll zombies (Ossuary)
  9 goblins
  8 hobgoblins
  4 jackals
  4 quokkas
  4 ball pythons
  7 bats
  2 frilled lizards (D:1)
  6 gnoll skeletons (Ossuary)
  6 goblin skeletons (Ossuary)
  6 goblin zombies (Ossuary)
  4 hobgoblin skeletons (Ossuary)
  5 hobgoblin zombies (Ossuary)
  32 kobolds
  4 kobold skeletons (Ossuary)
  2 kobold zombies (Ossuary)
  3 orc skeletons (Ossuary)
  6 orc zombies (Ossuary)
  5 rats
  2 rat skeletons (Ossuary)
  4 rat zombies (Ossuary)
355 creatures vanquished.

Vanquished Creatures (collateral kills)
  A centaur warrior (D:8)
  The ghost of diceflayer the Skirmisher, a novice DsGl of Makhleb (D:8)
  Maurice (D:10)
  An unseen horror simulacrum (D:8)
  A sky beast (D:8)
  An orc (D:8)
6 creatures vanquished.

Vanquished Creatures (others)
  3 spectral weapons
3 creatures vanquished.

Grand Total: 364 creatures vanquished

Notes
Turn   | Place    | Note
-------+----------+-------------------------------------------
     0 | D:1      | suse60 the Minotaur Gladiator began the quest for the Orb.
     0 | D:1      | Reached XP level 1. HP: 18/18 MP: 0/0
   211 | D:1      | Reached XP level 2. HP: 25/25 MP: 1/1
   817 | D:2      | Reached XP level 3. HP: 30/31 MP: 2/2
   821 | D:2      | Identified the +1 leather armour of Ined {Str+2}
  1101 | D:2      | Reached XP level 4. HP: 33/39 MP: 3/3
  1178 | D:2      | Noticed Robin
  1182 | D:2      | Killed Robin
  1313 | D:2      | Noticed Jessica
  1320 | D:2      | Killed Jessica
  1398 | D:2      | Reached skill level 5 in Axes
  1398 | D:2      | Reached XP level 5. HP: 46/46 MP: 4/4
  1537 | D:3      | Found a glowing golden altar of the Shining One.
  1551 | D:3      | Became a worshipper of the Shining One
  1874 | D:3      | Reached skill level 5 in Dodging
  2347 | D:4      | Reached XP level 6. HP: 53/53 MP: 5/5
  3035 | D:5      | Entered Level 5 of the Dungeon
  3048 | D:5      | Reached skill level 5 in Fighting
  3074 | D:5      | Reached XP level 7. HP: 43/61 MP: 6/6
  3104 | D:5      | Found a sand-covered staircase.
  3115 | Ossuary  | Entered an ossuary
  3127 | Ossuary  | Reached * piety under the Shining One
  3208 | Ossuary  | Reached ** piety under the Shining One
  3284 | Ossuary  | Reached *** piety under the Shining One
  3415 | Ossuary  | Reached **** piety under the Shining One
  3653 | D:5      | Found Ithuc's CLEARANCE SALE!.
  3658 | D:5      | Bought a +1 scale mail of willpower for 80 gold pieces
  3717 | D:5      | Noticed Prince Ribbit
  3726 | D:5      | Killed Prince Ribbit
  3727 | D:5      | Reached skill level 1 in Invocations
  3767 | D:5      | Found a staircase to the Ecumenical Temple.
  3773 | D:5      | Noticed Menkaure
  3783 | D:5      | Killed Menkaure
  3784 | D:5      | Reached XP level 8. HP: 25/71 MP: 8/8
  3790 | Temple   | Entered the Ecumenical Temple
  3955 | D:5      | Found a hide-covered altar of Uskayaw.
  4263 | D:6      | Reached ***** piety under the Shining One
  4521 | D:6      | Noticed Maggie
  4531 | D:6      | Killed Maggie
  5268 | D:7      | Reached XP level 9. HP: 81/81 MP: 11/11
  5790 | D:8      | Noticed Pikel
  5802 | D:8      | Killed Pikel
  5803 | D:8      | Reached skill level 5 in Invocations
  5872 | D:8      | Noticed a two-headed ogre
  5881 | D:8      | Killed a two-headed ogre
  5983 | D:8      | Found a bloodstained altar of Trog.
  5984 | D:8      | Found a shimmering altar of Xom.
  5984 | D:8      | Found a white marble altar of Elyvilon.
  5985 | D:8      | Found a sparkling altar of Nemelex Xobeh.
  6012 | D:8      | Reached XP level 10. HP: 91/91 MP: 13/13
  6171 | D:8      | Found a runed translucent gate.
  6172 | D:8      | Found a runed translucent gate.
  6175 | D:8      | Found a runed translucent gate.
  6197 | D:8      | Noticed a centaur warrior
  6198 | D:8      | Noticed diceflayer's ghost (novice DsGl)
  6480 | D:9      | Noticed Joseph
  6534 | D:9      | Reached skill level 10 in Axes
  6549 | D:9      | Killed Joseph
  6662 | D:9      | Reached skill level 10 in Fighting
  6793 | D:9      | Found a stormy altar of Qazlal.
  6966 | D:9      | Found a staircase to the Orcish Mines.
  7162 | D:10     | Entered Level 10 of the Dungeon
  7207 | D:10     | Noticed a boulder beetle
  7217 | D:10     | Killed a boulder beetle
  7218 | D:10     | Reached skill level 10 in Dodging
  7223 | D:10     | Identified the +1 trident of Jelautimo {antimagic, rElec
                  | rC- Dex+3}
  7238 | D:10     | Learned a level 3 spell: Tukima's Dance
  7249 | D:10     | Noticed Fannar
  7325 | Orc:1    | Entered Level 1 of the Orcish Mines
  7325 | Orc:1    | Noticed an orc sorcerer
  7331 | Orc:1    | Killed an orc sorcerer
  7399 | Orc:1    | Reached XP level 11. HP: 101/101 MP: 15/15
  7487 | Orc:1    | Found Boromos's Weapon Emporium.
  7507 | Orc:1    | Found a runed translucent gate.
  7508 | Orc:1    | Found a runed translucent gate.
  7539 | Orc:1    | Found a runed translucent gate.
  7539 | Orc:1    | Noticed Garagafe's ghost (journeyman GrEE)
  7540 | Orc:1    | Noticed Gyhakk's ghost (journeyman OpTm)
  7540 | Orc:1    | Noticed Kisosi's ghost (journeyman DDFi)
  7577 | Orc:1    | Found an iron altar of Okawaru.
  7578 | Orc:1    | Noticed a two-headed ogre
  7589 | Orc:1    | Killed a two-headed ogre
  7819 | Orc:2    | Entered Level 2 of the Orcish Mines
  7823 | Orc:2    | Found a staircase to the Elven Halls.
  7964 | Orc:2    | Noticed an orc knight
  8032 | D:8      | Killed a centaur warrior
  8034 | D:8      | Killed diceflayer's ghost
  8567 | D:10     | Reached skill level 1 in Armour
  9122 | D:10     | Killed Fannar
  9212 | D:10     | Noticed Maurice
  9222 | D:10     | Killed Maurice
  9363 | Orc:2    | Noticed Donald
  9388 | Orc:2    | Killed an orc knight
  9448 | Orc:2    | HP: 4/104 [Donald/+0 broad axe (25)]
  9449 | Orc:2    | Mangled by Donald

Illustrated notes

Levels and vault maps discovered:
D:1:      eino_arrival_druids_welcome, layout_basic, roderic_serpentine_path,
          minmay_tetromino_o2
D:2:      layout_loops_ring, nrook_mini_backslash, uniq_robin, uniq_jessica
D:3:      layout_rooms, mainiacjoe_overflow_concentric_impassable,
          serial_forest, infiniplex_forest_end_2, infiniplex_forest_straight_3,
          infiniplex_forest_end_double, infiniplex_forest_lined_3,
          infiniplex_forest_straight_4, infiniplex_forest_clump_long,
          infiniplex_forest_clump_curved, infiniplex_forest_zigzag_1,
          infiniplex_forest_lined_ring, infiniplex_forest_lined_room_3
D:4:      nicolae_cairo_tiling_large, layout_gridville, minmay_starry_boxes
D:5:      layout_rooms, mainiacjoe_overflow_small_starburst,
          minmay_temple_entry_slanted, gup_ossuary_entry_pyramid,
          nicolae_shop_clearance, uniq_menkaure, uniq_prince_ribbit1
D:6:      layout_layer_cave, uniq_maggie
D:7:      layout_cave_pools
D:8:      layout_gridville, chequers_temple_overflow_statue_of_worship,
          gammafunk_ghost_split, dk_rats_in_the_wall, uniq_pikel
D:9:      layout_rooms, mainiacjoe_overflow_boulevard, hiddenorc2_lemuel,
          uniq_joseph
D:10:     layout_layer_cave, minmay_increasing_density, uniq_maurice,
          uniq_fannar
D:11:     layout_roguey, lair_entry_dummy, kennysheep_another_room
Temple:   nicolae_temple_superstar
Orc:1:    layout_caves, gammafunk_ghost_cemetery, serial_shops,
          nicolae_shop_just_a_little_nook, okawaru_metal_pillars_1_2
Orc:2:    grunt_orc_cross, layout_diamond_mine, uniq_jorgrun, uniq_donald

Skill      XL: |  1  2  3  4  5  6  7  8  9 10 11 |
---------------+----------------------------------+-----
Axes           | 4 5 6 7 8 9 11 12 | 12.5
Fighting       | 3 4 5 6 7 9 10 12 | 12.1
Dodging        | 4 5 6 7 9 10 | 10.7
Invocations    | 2 4 5 7 9 |  9.0
Armour         | 4 |  4.5
Throwing       | |  2.0

Action                     |  1- 3 |  4- 6 |  7- 9 | 10-12 || total
---------------------------+-------+-------+-------+-------++-------
  Melee: War axe           |    48 |   133 |   229 |   291 ||   701
         Headbutt          |     6 |    21 |    52 |    70 ||   149
         Punch             |       |       |     2 |     7 ||     9
  Throw: Throwing net      |       |       |     5 |     2 ||     7
         Javelin           |       |       |       |     2 ||     2
 Invoke: Divine Shield     |       |       |       |     6 ||     6
         Summon Divine War |       |       |       |     2 ||     2
    Use: Scroll            |       |    11 |     8 |     6 ||    25
         Potion            |       |       |     2 |     3 ||     5
 Armour: Leather armour    |    11 |    14 |       |       ||    25
         Scale mail        |       |    21 |    52 |    52 ||   125
  Dodge: Dodged            |    24 |    80 |    76 |   123 ||   303
  Block: Other             |       |       |       |    10 ||    10
